 Dungeon Crawl Stone Soup version 0.25-a0-287-g56a5b49892 (webtiles) character file.

Game seed: 17301078530027436252, levelgen mode: deterministic

72 MoonlitKnight the Firebug (level 4, -28/24 HPs)
             Began as a Deep Elf Fire Elementalist on Dec 12, 2019.
             Killed from afar by a kobold (41 damage)
             ... with an exploding inner flame
             ... hexed by the player character
             ... on level 2 of the Dungeon.
             The game lasted 00:04:32 (1333 turns).

MoonlitKnight the Firebug (DEFE)                    Turns: 1333, Time: 00:04:33

Health: -28/24     AC:  2    Str:  5    XL:     4   Next: 7%
Magic:  3/11       EV: 13    Int: 21    God:
Gold:   64         SH:  0    Dex: 15    Spells: 3/10 levels left

rFire    . . .     SeeInvis .   l - +0 dagger
rCold    . . .     Gourm    .   (no shield)
rNeg     . . .     Faith    .   a - +0 robe
rPois    .         Spirit   .   (no helmet)
rElec    .         Reflect  .   (no cloak)
rCorr    .         Harm     .   (no gloves)
MR       .....                  (no boots)
Stlth    ++........             (no amulet)
HPRegen  0.08/turn              (no ring)
MPRegen  0.12/turn              (no ring)

@: very slightly contaminated
A: no striking features
a: no special abilities


You were on level 2 of the Dungeon.
You were not hungry.

You visited 1 branch of the dungeon, and saw 2 of its levels.

You collected 64 gold pieces.

Inventory:

Hand Weapons
 l - a +0 dagger (weapon)
Missiles
 h - 8 poisoned darts (quivered)
Armour
 a - a +0 robe (worn)
Jewellery
 b - an uncursed ring of stealth {unknown}
Scrolls
 e - 3 scrolls of enchant weapon {unknown}
 g - 2 scrolls of identify {unknown}
 i - a scroll of remove curse {unknown}
Potions
 d - 2 potions of curing {unknown}
 f - a potion of heal wounds {unknown}
 k - a potion of mutation {unknown}
Comestibles
 c - 3 rations
 j - 4 chunks of flesh


   Skills:
 + Level 3.3 Dodging
 - Level 2.4 Stealth
 + Level 3.9 Spellcasting
 + Level 2.3 Conjurations
 + Level 4.0 Fire Magic


You had 3 spell levels left.
You knew the following spells:

 Your Spells              Type           Power        Failure   Level  Hunger
a - Foxfire               Conj/Fire      ###.         3%          1    None
b - Conjure Flame         Conj/Fire      ###.....     10%         3    ###....
c - Inner Flame           Hex/Fire       ##......     16%         3    ###....

Your spell library contained the following spells:

 Spells                   Type           Power        Failure   Level  Hunger
 Sticky Flame             Conj/Fire      ###.....     32%         4    ####...
 Fireball                 Conj/Fire      ###.......   67%         5    ######.


Dungeon Overview and Level Annotations

Branches:
Dungeon (2/15)

Altars:


Message History

Confirm with . or Enter, or press ? or * to list all spells.
Aiming: Inner Flame (safe; 17% risk of failure)
Press: ? - help, Shift-Dir - straight line, f/p - kobold
Aim: a kobold, wielding a +0 dagger (chance to defeat MR: 77%)
The kobold is filled with an inner flame.
The kobold barely misses you.
You hit the kobold but do no damage. The kobold misses you.
You hit the kobold but do no damage. The kobold closely misses you.
You hit the kobold.
Flame seeps out of the kobold.
The kobold is severely wounded.
The kobold is engulfed in blazing flames.
The kobold explodes!
The fiery explosion engulfs the gnoll!!!
You kill the gnoll!
Your Fire Magic skill increases to level 4!
You have reached level 4!
You feel clever. The fiery explosion engulfs you!!!
Ouch! That really hurt!
You die...

#. #.####.
#......#########
#.....g..(#
#.#######.# #. #.#
# #. #.#
....#######○#
.....gg..##@#
########.##.#
#.##.# #####
#.##.# ...# #.##.#
# ##.## #.##.# .
#.##.÷.## #.##.#
..#.#.....###.##.#
...........##)##.#


There were no monsters in sight!

Vanquished Creatures
  3 gnolls (D:2)
  A worm (D:2)
  5 dart slugs (D:1)
  2 leopard geckos (D:1)
  2 giant cockroaches (D:1)
  A goblin (D:1)
  3 hobgoblins (D:1)
  3 bats
  2 frilled lizards (D:1)
  3 kobolds (D:1)
  9 rats
34 creatures vanquished.

Vanquished Creatures (others)
  70 foxfires
70 creatures vanquished.

Grand Total: 104 creatures vanquished

Notes
Turn   | Place    | Note
-------+----------+-------------------------------------------
     0 | D:1      | MoonlitKnight the Deep Elf Fire Elementalist began the
                  | quest for the Orb.
     0 | D:1      | Reached XP level 1. HP: 10/10 MP: 6/6
     2 | D:1      | Noticed a ghoul
     2 | D:1      | Noticed a draconian
     4 | D:1      | Noticed a vine stalker
     4 | D:1      | Noticed a halfling
     6 | D:1      | Noticed a tengu
     6 | D:1      | Noticed an elf
     8 | D:1      | Noticed a centaur
     8 | D:1      | Noticed a spriggan
    10 | D:1      | Noticed a merfolk
    10 | D:1      | Noticed an ogre
    12 | D:1      | Noticed a minotaur
    14 | D:1      | Noticed a human
    14 | D:1      | Noticed a demonspawn
    18 | D:1      | Noticed a troll
    18 | D:1      | Noticed a felid
    20 | D:1      | Noticed a dwarf
    20 | D:1      | Noticed a demigod
    22 | D:1      | Noticed an octopode
    24 | D:1      | Noticed a gargoyle
    24 | D:1      | Noticed a vampire
    27 | D:1      | Noticed a formicid
    27 | D:1      | Noticed a naga
   140 | D:1      | Reached XP level 2. HP: 15/15 MP: 5/8
   738 | D:1      | Reached XP level 3. HP: 14/19 MP: 7/10
  1253 | D:2      | Learned a level 3 spell: Conjure Flame
  1257 | D:2      | Learned a level 3 spell: Inner Flame
  1333 | D:2      | Reached skill level 4 in Fire Magic
  1333 | D:2      | Reached XP level 4. HP: 13/24 MP: 3/11
  1333 | D:2      | Killed from afar by a kobold

Levels and vault maps discovered:
D:1:      kb_arrival_jail, layout_basic
D:2:      layout_loops_ring, fiery_altar_vehumet

Skill      XL: |  1  2  3 |
---------------+----------+-----
Dodging        | 3 |  3.3
Conjurations   | 2 |  2.3
Fire Magic     | 4 |  4.0
Stealth        | |  2.4
Spellcasting   | |  3.9

Action                   |  1- 3 |  4- 6 || total
-------------------------+-------+-------++-------
Melee: Unarmed           |     7 |       ||     7
       Dagger            |    11 |       ||    11
 Cast: Foxfire           |    50 |       ||    50
       Inner Flame       |     1 |       ||     1
  Eat: Chunk             |     1 |       ||     1
Armor: Robe              |     6 |       ||     6
Dodge: Dodged            |    39 |       ||    39

Table legend:
 A = Non-vault XP
 B = Vault XP
 C = Vault XP percentage of total XP
 D = Non-vault monster count
 E = Vault monster count
 F = Vault count percentage of total count
                 A         B        C        D         E       F
            +---------+---------+-------+---------+---------+-------
      Total |     104 |       0 |   0.0 |      34 |       0 |   0.0
            +---------+---------+-------+---------+---------+-------
        D:1 |      53 |       0 |   0.0 |      27 |       0 |   0.0
        D:2 |      51 |       0 |   0.0 |       7 |       0 |   0.0
            +---------+---------+-------+---------+---------+-------
